 Dungeon Crawl Stone Soup version 0.28-a0-1334-g1c9ffb4daf (webtiles) character file.

Game seed: 1508496573392218745

1085 KyoPewz the Summoner (level 8, -1/41 HPs)
             Began as a Deep Elf Summoner on Dec 28, 2021.
             Shot with an arrow by a centaur (2 damage)
             ... on level 5 of the Dungeon.
             The game lasted 00:26:38 (5202 turns).

KyoPewz the Summoner (Deep Elf Summoner)            Turns: 5202, Time: 00:26:38

Health: -1/41      AC:  4    Str: 11    XL:     8   Next: 9%
Magic:  24/26      EV: 12    Int: 23    God:
Gold:   166        SH:  0    Dex: 15    Spells: 2/17 levels left

rFire   . . .      SeeInvis .   m - +2 dagger (protect) {short}
rCold   . . .      Faith    .   (no shield)
rNeg    . . .      Spirit   .   a - +0 robe
rPois   .          Reflect  .   g - +0 helmet
rElec   .          Harm     .   (no cloak)
rCorr   .          Rampage  .   d - +0 pair of gloves
Will    .....                   (no boots)
Stlth   ++........              (no amulet)
HPRegen 0.13/turn               l - ring of magical power
MPRegen 0.20/turn               o - +6 ring of strength

@: no status effects
A: no striking features
a: no special abilities


You were on level 5 of the Dungeon.
You visited 1 branch of the dungeon, and saw 5 of its levels.

You collected 166 gold pieces.


   Skills:
 - Level 2.4 Dodging
 - Level 2.4 Stealth
 - Level 5.0 Spellcasting
 - Level 3.0 Hexes
 * Level 9.8 Summonings
 - Level 3.0 Ice Magic
 + Level 0.6 Air Magic


You had 2 spell levels left.
You knew the following spells:

 Your Spells              Type           Power      Damage    Failure   Level
a - Summon Small Mammal   Summ           100%       N/A       1%          1
b - Call Imp              Summ           50%        N/A       1%          2
c - Call Canine Familiar  Summ           50%        N/A       1%          3
d - Summon Guardian Gole  Hex/Summ       35%        N/A       1%          3
e - Ensorcelled Hibernat  Hex/Ice        38%        N/A       4%          2
f - Summon Lightning Spi  Summ/Air       29%        N/A       11%         4

Your spell library contained the following spells:

 Spells                   Type           Power      Damage    Failure   Level
 Spider Form              Tmut/Pois      5%         N/A       28%         3
 Blade Hands              Tmut           2%         N/A       95%         5
 Irradiate                Conj/Tmut      2%         3d14      95%         5
 Dragon Form              Tmut           2%         N/A       100%        7

Inventory:

Hand Weapons
 h - a +1 trident of venom {polearm}
   (You took it off an orc on level 3 of the Dungeon)
 m - a +2 dagger of protection (weapon) {short}
   (You found it on level 1 of the Dungeon)
 p - a +0 spear {polearm}
   (You found it on level 2 of the Dungeon)
Missiles
 b - 145 stones {throwing}
 c - 83 poisoned darts {throwing}
 e - 61 arrows
 f - 60 bolts
 r - 3 atropa-tipped darts {throwing}
 t - 31 sling bullets
 z - 5 javelins {throwing}
Armour
 a - a +0 robe (worn)
 d - a +0 pair of gloves (worn)
   (You found it on level 1 of the Dungeon)
 g - a +0 helmet (worn)
   (You found it on level 2 of the Dungeon)
 y - a +3 leather armour
   (You found it on level 4 of the Dungeon)
Jewellery
 l - a ring of magical power (left hand)
   (You found it on level 1 of the Dungeon)
 o - a +6 ring of strength (right hand)
   (You found it on level 2 of the Dungeon)
 v - a ring of positive energy
   (You found it on level 3 of the Dungeon)
Wands
 s - a wand of flame (16)
   (You found it on level 3 of the Dungeon)
Scrolls
 i - a scroll of enchant weapon {unknown}
 k - a scroll of summoning {unknown}
 q - 3 scrolls of teleportation {unknown}
 u - a scroll of enchant armour {unknown}
Potions
 j - a potion of heal wounds {unknown}
 n - 3 potions of curing {unknown}
 w - a potion of resistance {unknown}
 x - a potion of haste {unknown}
 A - a potion of attraction {unknown}

Dungeon Overview and Level Annotations

Branches:
Dungeon (5/15)
 Temple: D:4-7

Altars:
Ashenzari
Ru
Uskayaw

Annotations:
D:5 Blork the orc

.....................
.........#.#.#.......
.........###..#......
##.........#..#......
#...................
#...................
#..##.......#.......
####..9.#.###.......
#..@##..### ....w.#
#.....!.h...........
#........c......
#............(..
##..............
..........>....
..........##....
..........## #...


You could see a centaur (ally target), a friendly guardian golem (summoned) and
a friendly wolf (summoned, sheltered).


Message History

Aim: an iguana Attack!
Your wolf bites the iguana.
Your wolf bites the iguana but does no damage.
The iguana bites your wolf!
Your wolf barely misses the iguana.
Your wolf closely misses the iguana.
The iguana closely misses your wolf.
Your wolf closely misses the iguana.
The iguana hisses menacingly.
The iguana bites your wolf!
Your wolf dies!
Your wolf's corpse disappears in a puff of smoke!
The iguana enters a dispersal trap!
You blink.
An adder skeleton comes into view.
Found 7 gold pieces.
Found a stone staircase leading down.
The iguana blinks! 😎 MP[-3]
You lost 3 mp, and now have 23/26 mp.
You swap places. 😎 MP[+1]
A jelly comes into view.
You hit the iguana but do no damage.
Your weapon exudes an aura of protection.
Your wolf bites the iguana!
Your wolf misses the iguana. The iguana barely misses you.
You hit the iguana.
Your wolf bites the iguana!
The iguana dies! 😎 MP[+1]
You hit the adder skeleton.
Your wolf bites the adder skeleton.
The adder skeleton barely misses you.
You hit the adder skeleton.
Your wolf bites the adder skeleton!
The adder skeleton is destroyed! 😎 MP[+1]
Your mp is fully restored (26).
Found a stone staircase leading down.
What are your orders? t - Shout!
Orders for allies: a - Attack new target. r - Retreat! s - Stop attacking. g - Guard the area. f - Follow me.
Anything else - Cancel.
Gang up on whom?
Press: ? - help, Dir - move target, f - jelly
Aim: a jelly (asleep) Attack!
Your wolf bites the jelly!!
The jelly dies!
A scorpion, an ogre and Blork the orc come into view.
Press: ? - help, v - describe, . - travel
Here: Blork the orc, wielding a +0 mace and wearing a +0 robe (asleep)
The floor.
f - 43 bolts (gained 16)
f - 60 bolts (gained 17)
n - 3 amethyst potions (gained 1)
You now have 159 gold pieces (gained 8).
You now have 166 gold pieces (gained 7).
Found an escape hatch in the floor.
A centaur comes into view.
The centaur wields a +0 shortbow.
The centaur shoots an arrow.
The arrow misses you.
The centaur shoots an arrow.
The arrow hits you! 😮 HP[-11]
You take 11 damage, and now have 30/41 hp.
MASSIVE DAMAGE!! (PAUSE)
You swap places.
The centaur shoots an arrow.
The arrow completely misses your wolf. The arrow hits you!
* * * LOW HITPOINT WARNING * * *
The centaur shoots an arrow.
The arrow misses your wolf. The arrow hits you.
* * * LOW HITPOINT WARNING * * *
😨 HP[-16]
You take 16 damage, and now have 14/41 hp.
MASSIVE DAMAGE!! (PAUSE)
Casting: Call Canine Familiar (safe; 1% risk of failure)
Confirm with . or Enter, or press ? or * to list all spells.
A guardian golem appears, shielding your allies.
The centaur shoots an arrow.
The arrow misses your wolf. The arrow barely misses you. 😨 MP[-3]
You lost 3 mp, and now have 23/26 mp.
Casting: Summon Guardian Golem (safe; 1% risk of failure)
Confirm with . or Enter, or press ? or * to list all spells.
You can't see any susceptible monsters within range! (Use Z to cast anyway.)
The centaur shoots an arrow.
The arrow hits your wolf! What are your orders? t - Shout!
Orders for allies: a - Attack new target. r - Retreat! s - Stop attacking. g - Guard the area. f - Follow me.
Anything else - Cancel.
Gang up on whom?
Press: ? - help, Dir - move target, f - centaur
Aim: a centaur, wielding a +0 shortbow and quivering arrows Attack!
The centaur shoots an arrow.
The arrow misses your wolf. The arrow hits you!
* * * LOW HITPOINT WARNING * * *
😱 HP[-13]
You take 13 damage, and now have 1/41 hp.
MASSIVE DAMAGE!! (PAUSE)
Your wolf bites the centaur.
The centaur shoots an arrow.
The arrow hits you.
You die...

Skill      XL: |  1  2  3  4  5  6  7 |
---------------+----------------------+-----
Summonings     | 5 6 7 9 |  9.8
Hexes          | 2 3 |  3.0
Spellcasting   | 4 5 |  5.0
Ice Magic      | 2 3 |  3.0
Dodging        | |  2.4
Stealth        | |  2.4
Air Magic      | |  0.6

Action                   |  1- 3 |  4- 6 |  7- 9 || total
-------------------------+-------+-------+-------++-------
Melee: Dagger            |    62 |    47 |    19 ||   128
Throw: Javelin           |       |       |     2 ||     2
 Cast: Summon Small Mamm |    27 |    10 |     4 ||    41
       Call Imp          |    10 |     8 |     3 ||    21
       Call Canine Famil |     4 |    15 |     9 ||    28
       Summon Guardian G |       |     2 |     5 ||     7
       Ensorcelled Hiber |       |     1 |     1 ||     2
  Use: Potion            |       |     1 |       ||     1
 Stab: Sleeping          |     5 |     7 |       ||    12
       Distracted        |       |       |     1 ||     1
Armor: Robe              |    29 |    22 |     7 ||    58
       Skin              |       |     2 |       ||     2
Dodge: Dodged            |    52 |    54 |    18 ||   124

Levels and vault maps discovered:
D:1:      dpeg_arrival_simpleton_a, layout_loops_ring
D:2:      layout_basic, hellmonk_ecumenical_altar_prayer_group
D:3:      layout_rooms, nicolae_ru_path_of_blood
D:4:      layout_cave_pods, dancing_weapons_uskayaw,
          ashenzari_conservatory_becter, ebering_ghost_sewer_f,
          grunt_decor_mini_mirrors, minmay_misc_feat_square,
          minmay_misc_feat_encased, chequers_decorated_corner, st_stairs_12,
          uniq_menkaure, uniq_duvessa
D:5:      layout_cave_pools, gammafunk_temple_overflow_forgotten,
          uniq_blork_the_orc

Notes
Turn   | Place    | Note
-------+----------+-------------------------------------------
     0 | D:1      | KyoPewz the Deep Elf Summoner began the quest for the Orb.
     0 | D:1      | Reached XP level 1. HP: 10/10 MP: 6/6
     0 | D:1      | magus.rc [v1.9.6]
   219 | D:1      | You pick up a book of Transfigurations {@e2} and begin
                  | reading...
   219 | D:1      | You add the spells Irradiate, Blade Hands and Dragon Form
                  | to your library.
   293 | D:1      | Reached XP level 2. HP: 8/15 MP: 1/8
   424 | D:1      | Learned a level 2 spell: Call Imp
   747 | D:1      | Reached skill level 5 in Summonings
  1334 | D:2      | Reached XP level 3. HP: 18/19 MP: 10/10
  1338 | D:2      | Learned a level 3 spell: Call Canine Familiar
  1342 | D:2      | Learned a level 3 spell: Summon Guardian Golem
  1400 | D:2      | Found a faded altar of an unknown god.
  1759 | D:3      | Reached skill level 1 in Hexes
  1857 | D:3      | You fall into a shaft and drop 2 floors!
  1857 | D:5      | Entered Level 5 of the Dungeon
  1868 | D:5      | You pick up a book of Dreams and begin reading...
  1868 | D:5      | You add the spells Ensorcelled Hibernation and Spider Form
                  | to your library.
  1880 | D:5      | Noticed a phantom
  1884 | D:5      | Noticed a water moccasin
  1910 | D:4      | HP: 4/19 [water moccasin (3)]
  1912 | D:4      | Killed a water moccasin
  1913 | D:4      | Reached skill level 4 in Spellcasting
  1913 | D:4      | Reached skill level 2 in Hexes
  1913 | D:4      | Reached skill level 6 in Summonings
  1913 | D:4      | Reached XP level 4. HP: 5/24 MP: 10/12
  1913 | D:4      | Reached XP level 5. HP: 6/28 MP: 10/13
  2222 | D:4      | Found a hide-covered altar of Uskayaw.
  2230 | D:4      | Noticed a +0 dagger
  2230 | D:4      | Noticed a +0 dagger
  2236 | D:4      | Noticed Duvessa
  2377 | D:3      | Reached skill level 3 in Hexes
  2532 | D:2      | HP: 7/28 [poisoned by an orc]
  2537 | D:2      | HP: 6/42 [poisoned by an orc]
  3290 | D:3      | Found a sacrificial altar of Ru.
  3451 | D:4      | Found a runed translucent door.
  3454 | D:4      | Noticed Peloso's ghost (amateur MiFi)
  3561 | D:4      | Reached skill level 5 in Spellcasting
  3585 | D:4      | Reached XP level 6. HP: 32/32 MP: 15/15
  3588 | D:4      | Learned a level 2 spell: Ensorcelled Hibernation
  3593 | D:4      | Learned a level 4 spell: Summon Lightning Spire
  3594 | D:4      | Noticed Dowan
  3677 | D:4      | Killed Duvessa
  3678 | D:4      | Reached skill level 7 in Summonings
  3678 | D:4      | Reached skill level 1 in Ice Magic
  3684 | D:4      | Noticed Menkaure
  3707 | D:4      | Killed Menkaure
  3708 | D:4      | Reached skill level 2 in Ice Magic
  3708 | D:4      | Killed Dowan
  3935 | D:4      | Reached XP level 7. HP: 31/36 MP: 12/16
  4026 | D:4      | Found a runed translucent door.
  4350 | D:4      | Found a broken altar of Ashenzari.
  4770 | D:4      | Reached skill level 8 in Summonings
  4812 | D:4      | Killed Peloso's ghost
  4813 | D:4      | Reached skill level 9 in Summonings
  4813 | D:4      | Reached skill level 3 in Ice Magic
  5094 | D:5      | Reached XP level 8. HP: 39/41 MP: 17/17
  5139 | D:5      | Noticed Blork the orc
  5201 | D:5      | HP: 1/41 [centaur/arrow (14)]
  5202 | D:5      | Shot with an arrow by a centaur

Vanquished Creatures
  A bullfrog zombie (D:4)
  A centaur zombie (D:5)
  5 adders
  A dart slug (D:3)
  2 orcs (D:2)
  2 endoplasms (D:2)
  3 goblins
  4 hobgoblins
  3 jackals
  2 kobolds (D:2)
  3 ball pythons
  2 bats
  3 frilled lizards
  2 rats
34 creatures vanquished.

Vanquished Creatures (collateral kills)
  Menkaure (D:4)
  A water moccasin (D:4)
  A phantom (D:5)
  A bullfrog (D:4)
  A wyvern skeleton (D:5)
  A jelly (D:5)
  A centaur skeleton (D:4)
  2 iguanas (D:5)
  An adder skeleton (D:5)
  A worm (D:4)
  3 dart slugs
  6 orcs
  3 ball pythons
  6 endoplasms
  3 giant cockroaches
  4 goblins
  A hobgoblin (D:2)
  3 jackals
  A quokka (D:4)
  4 bats
  2 frilled lizards
  3 kobolds (D:1)
  4 rats
54 creatures vanquished.

Vanquished Creatures (others)
  The ghost of Peloso the Covered, an amateur MiFi (D:4)
  Duvessa (D:4)
  Dowan (D:4)
  A ball python (D:4)
  A hobgoblin (D:4)
5 creatures vanquished.

Grand Total: 93 creatures vanquished

Table legend:
 A = Non-vault XP
 B = Vault XP
 C = Vault XP percentage of total XP
 D = Non-vault monster count
 E = Vault monster count
 F = Vault count percentage of total count
                 A         B        C        D         E       F
            +---------+---------+-------+---------+---------+-------
      Total |     787 |     763 |  49.2 |      83 |      10 |  10.8
            +---------+---------+-------+---------+---------+-------
        D:1 |      26 |       0 |   0.0 |      16 |       0 |   0.0
        D:2 |      43 |       0 |   0.0 |      23 |       0 |   0.0
        D:3 |      60 |       0 |   0.0 |      22 |       0 |   0.0
        D:4 |     297 |     763 |  72.0 |      14 |      10 |  41.7
        D:5 |     361 |       0 |   0.0 |       8 |       0 |   0.0
            +---------+---------+-------+---------+---------+-------

Illustrated notes

Table legend:
 A = Kills in this place as a percentage of kills in entire the game.
 B = Kills by you in this place as a percentage of kills by you in the entire game.
 C = Kills by friends in this place as a percentage of kills by friends in the entire game.
 D = Other kills in this place as a percentage of other kills in the entire game.
 E = Experience gained in this place as a percentage of experience gained in the entire game.
 F = Experience gained in this place divided by the number of levels of this place that you have seen.
                   A       B       C       D       E      F
               +-------+-------+-------+-------+-------+----------------------
         Total | 100.0 | 100.0 | 100.0 | 100.0 | 100.0 | 310.0
       Dungeon | 100.0 | 100.0 | 100.0 | 100.0 | 100.0 | 310.0
               +-------+-------+-------+-------+-------+----------------------

Table legend: (Time is in decaauts)
 A = Elapsed time spent in this place.
 B = Non-inter-level travel time spent in this place.
 C = Inter-level travel time spent in this place.
 D = Time resting spent in this place.
 E = Time spent auto-exploring this place.
 F = Levels seen in this place.
 G = Mean time per level.
                   A        B        C        D        E       F      G
               +--------+--------+--------+--------+--------+-----+--------+
         Total |   5215 |   4975 |    240 |   1517 |   1699 |   5 | 1043.0 |
       Dungeon |   5215 |   4975 |    240 |   1517 |   1699 |   5 | 1043.0 |
               +--------+--------+--------+--------+--------+-----+--------+

Top non-repeatable levels by time:
     D:4: 2047 daAuts
     D:1: 1146 daAuts
     D:2: 1061 daAuts
     D:3: 708 daAuts
     D:5: 252 daAuts
